AoeStats
← Brummkäfer

Arena

508495898Analyzed
3v3 RM · 11d ago on Sep 22, 2026· 56m 55s· 6 players
Game mode
Random Map
Map size
Normal (6 player)
Population
200
Speed
Normal
Resources
Standard
Victory
Conquest
Starting age
Dark Age
Ending age
Imperial Age
RankedLock teamsTeams togetherTeam positionsShared explorationLock speedFull tech treeHidden civsTurbo modeCheats
Victory
Defeat
🇩🇪 Bohemians · Germany
1287
+4
🇩🇪 Franks · Germany
822
+19
🇩🇪 Britons · Germany
768
+21
🇩🇪 Saxons · Germany
928
-16
🇩🇪 Bulgarians · Germany
924
-15
🇪🇸 Persians · Spain
900
-13
Shark
10:40 Feudal Age
14:41 Castle Age
12:26 Horse Collar
12:38 Double-Bit Axe
12:33 Horse Collar
15:47 Bow Saw
17:39 Loom
22:58 Scale Mail Armor
29:47 Imperial Age
34:46 Forging
34:52 Chain Mail Armor
34:24 Elite Varangian Guard
36:30 Squires
41:09 Plate Mail Armor
40:50 Forging
42:02 Wheelbarrow
41:12 Town Watch
41:30 Arson
43:04 Shield Wall
44:04 Conscription
aRiPeiCh
0:28 Loom
10:13 Feudal Age
10:49 Double-Bit Axe
11:17 Horse Collar
18:31 Stone Mining
18:50 Gold Mining
21:17 Castle Age
19:39 Fletching
19:50 Padded Archer Armor
20:02 Forging
20:38 Scale Barding Armor
22:24 Bow Saw
22:11 Crossbowman
25:53 Wheelbarrow
26:43 Kamandaran
30:21 Thumb Ring
31:36 Caravan
32:27 Iron Casting
32:13 Chain Barding Armor
32:39 Heavy Plow
33:30 Bodkin Arrow
34:02 Husbandry
35:16 Hand Cart
36:06 Leather Archer Armor
36:04 Bloodlines
36:25 Town Watch
37:04 Town Patrol
40:47 Imperial Age
42:09 Blast Furnace
41:44 Plate Barding Armor
41:40 Ring Archer Armor
42:27 Two-Man Saw
41:30 Heavy Camel Rider
43:32 Chemistry
42:53 Ballistics
44:02 Heated Shot
46:03 Gold Shaft Mining
46:04 Stone Shaft Mining
46:26 Cavalier
49:00 Savar
51:12 Light Cavalry
Brummkäfer
4:42 Loom
11:08 Feudal Age
15:19 Wheelbarrow
17:07 Castle Age
17:23 Stone Mining
17:55 Gold Mining
17:49 Horse Collar
20:05 Double-Bit Axe
24:01 Heavy Plow
26:24 Hand Cart
26:54 Husbandry
31:14 Stone Shaft Mining
31:15 Gold Shaft Mining
34:50 Bloodlines
35:00 Forging
34:56 Scale Barding Armor
35:04 Pikeman
35:44 Squires
36:23 Town Watch
38:48 Chain Barding Armor
39:03 Iron Casting
43:02 Imperial Age
42:00 Bow Saw
42:38 Town Patrol
45:34 Chemistry
44:30 Murder Holes
44:23 Halberdier
46:11 Blast Furnace
45:48 Plate Barding Armor
45:14 Scale Mail Armor
46:13 Stirrups
46:42 Conscription
46:29 Stirrups
j.reider
7:35 Loom
9:58 Feudal Age
10:38 Double-Bit Axe
15:34 Castle Age
14:18 Horse Collar
20:57 Bow Saw
22:07 Heavy Plow
24:09 Gold Mining
24:27 Stone Mining
26:30 Ballistics
26:22 Fortified Wall
26:52 Wheelbarrow
27:15 Fletching
29:05 Treadmill Crane
30:44 Hand Cart
33:16 Imperial Age
31:01 Hand Cart
30:22 Elite Skirmisher
31:06 Squires
30:52 Gambesons
30:56 Crossbowman
31:24 Arson
32:00 Pikeman
33:08 Yeomen
33:06 Town Watch
35:12 Chemistry
34:24 Masonry
34:03 Cranequins
34:48 Sappers
35:51 Conscription
35:32 Warwolf
36:55 Two-Man Saw
36:12 Arbalester
37:42 Hoardings
37:48 Forging
37:38 Scale Mail Armor
37:39 Padded Archer Armor
37:35 Bodkin Arrow
39:22 Gold Shaft Mining
38:22 Halberdier
40:58 Elite Longbowman
41:57 Bracer
42:12 Leather Archer Armor
42:13 Chain Mail Armor
43:12 Arrowslits
43:23 Murder Holes
43:59 Architecture
43:20 Heated Shot
43:36 Siege Engineers
44:10 Ring Archer Armor
44:17 Iron Casting
45:50 Plate Mail Armor
47:53 Heavy Mounted Crossbowman
53:15 Man-at-Arms
55:38 Blast Furnace
L3tzf3tz
11:14 Feudal Age
17:53 Castle Age
15:51 Stone Mining
15:57 Gold Mining
15:55 Double-Bit Axe
17:24 Forging
17:44 Scale Barding Armor
21:57 Gold Shaft Mining
21:55 Chain Barding Armor
21:59 Stone Mining
22:39 Pikeman
25:40 Iron Casting
25:44 Bow Saw
27:16 Husbandry
28:46 Wheelbarrow
28:02 Town Watch
29:56 Hand Cart
33:04 Imperial Age
34:40 Town Patrol
36:34 Cavalier
39:41 Plate Barding Armor
40:07 Blast Furnace
41:17 Onager
42:31 Caravan
44:01 Loom
49:34 Chemistry
48:54 Ballistics
49:12 Paladin
51:00 Capped Ram
52:06 Scale Mail Armor
TeamO
10:17 Feudal Age
9:51 Loom
14:05 Castle Age
12:42 Double-Bit Axe
12:42 Horse Collar
19:49 Wheelbarrow
23:24 Imperial Age
21:39 Fletching
22:37 Bodkin Arrow
23:47 Chemistry
23:23 Bodkin Arrow
26:07 Bracer
32:09 Pikeman
34:18 Siege Engineers
38:13 Wagenburg Tactics
38:28 Conscription
39:34 Hand Cart
39:07 Houfnice
40:04 Heavy Plow
41:07 Squires
41:09 Scale Mail Armor
41:19 Forging
42:54 Chain Mail Armor
43:01 Ballistics
42:52 Masonry
42:43 Murder Holes
44:32 Elite Hussite Wagon
44:57 Halberdier
45:23 Arson
46:46 Plate Mail Armor
46:52 Iron Casting
49:50 Bow Saw
51:58 Blast Furnace
52:11 Town Watch
56:04 Capped Ram
56:46 Padded Archer Armor
56:51 Scale Barding Armor
57:18 Architecture
56:55 Hussite Reforms
Connection lost

Rejoining the realm…

Still unreachable

The connection could not be restored.

Session expired

The server has moved on; the page needs a fresh start.